 Dungeon Crawl Stone Soup version 0.22.1-6-g1668fe2c40 (webtiles) character file.

180 Gargoyl the Skirmisher (level 5, -2/47 HPs)
             Began as a Centaur Abyssal Knight on Jan 27, 2019.
             Was a Believer of Lugonu.
             Slain by an ogre
             ... wielding a +0 giant club
              (24 damage)
             ... on level 4 of the Dungeon.
             The game lasted 00:03:55 (2933 turns).

Gargoyl the Skirmisher (Centaur Abyssal Knight)     Turns: 2933, Time: 00:03:56

Health: -2/47      AC:  8    Str: 15    XL:     5   Next: 33%
Magic:  7/7        EV:  4    Int: 11    God:    Lugonu [**....]
Gold:   231        SH:  0    Dex:  9    Spells: 4/4 levels left

rFire    + . .     SeeInvis +   a - +1 hand axe
rCold    . . .     Gourm    .   (no shield)
rNeg     . . .     Faith    .   f - +0 chain mail
rPois    .         Spirit   .   q - +0 helmet
rElec    .         Reflect  .   (no cloak)
rCorr    .         Harm     .   (no gloves)
MR       .....                  (no barding)
Stlth    ..........             (no amulet)
HPRegen  0.15/turn              g - ring of see invisible
MPRegen  0.10/turn              j - ring of protection from fire

@: very quick
A: large, hooves 3, deformed body, speed 2, tough skin 3
a: Depart the Abyss, Bend Space, Renounce Religion


You were on level 4 of the Dungeon.
You worshipped Lugonu.
Lugonu was pleased with you.
You were hungry.

You visited 1 branch of the dungeon, and saw 4 of its levels.
You visited the Abyss 1 time.

You collected 231 gold pieces.

Inventory:

Hand Weapons
 a - a +1 hand axe (weapon)
Armour
 f - a +0 chain mail (worn)
 q - a +0 helmet (worn)
Jewellery
 g - a ring of see invisible (left hand)
 j - a ring of protection from fire (right hand)
Scrolls
 b - 3 scrolls of identify
 d - a scroll of remove curse
 o - a scroll of fear
Potions
 e - a potion of might
 h - 4 potions of haste {unknown}
 i - a potion of brilliance {unknown}
 k - a potion of magic {unknown}
 l - a potion of curing {unknown}
 p - a potion of heal wounds {unknown}
Comestibles
 c - 6 rations


   Skills:
 + Level 4.6 Fighting
 + Level 2.9 Axes
 * Level 2.1 Armour
 + Level 0.7 Dodging
 * Level 2.8 Invocations


You had 4 spell levels left.
You didn't know any spells.
Your spell library was empty.

Dungeon Overview and Level Annotations

Branches:
Dungeon (4/15)
 Temple: D:4-7

Altars:
Cheibriados
Yredelemnul
Zin


Innate Abilities, Weirdness & Mutations

You have hooves in place of feet.
Armour fits poorly on your strangely shaped body.
You cover ground very quickly.
You have extremely tough skin. (AC +3)


Message History

You hit the ogre but do no damage. The ogre barely misses you.
You hit the ogre. You kick the ogre, but do no damage.
The ogre is lightly wounded.
You hit the ogre. Your kick misses the ogre.
The ogre is moderately wounded.
The ogre hits you with a giant club!!
You hit the ogre. Your kick misses the ogre.
The ogre is heavily wounded.
The ogre hits you but does no damage.
As you read the scroll of fear, it crumbles to dust.
You assume a fearsome visage.
The ogre looks frightened!
You are feeling hungry.
Found a snail-covered altar of Cheibriados.
You catch the helpless ogre completely off-guard!
You hit the ogre but do no damage.
Your attack snaps the ogre out of its fear.
The ogre is heavily wounded.
The ogre hits you with a giant club!!
Ouch! That really hurt!
You die...

..#
##.#
..#
#.##
..#
#..#
..#
##.##
..#
#..#
###
##.##
#..#
##.##
#.@#
##O#
#.#
#..
....
_...
....#
.....#
#


You could see an ogre.

Vanquished Creatures
  An eye of draining (Abyss:1)
  2 adders
  A worm (D:3)
  A dart slug (D:1)
  2 leopard geckos
  5 orcs (D:3)
  2 ball pythons
  A giant cockroach (D:2)
  9 goblins
  4 hobgoblins
  4 jackals
  9 kobolds
  2 quokkas (D:4)
  4 bats
  4 frilled lizards
  5 rats
56 creatures vanquished.

Notes
Turn   | Place    | Note
-------+----------+-------------------------------------------
     0 | Abyss:1  | Gargoyl the Centaur Abyssal Knight began the quest for the
                  | Orb.
     0 | Abyss:1  | Reached XP level 1. HP: 19/19 MP: 2/2
    48 | Abyss:1  | Found a corrupted altar of Lugonu.
   174 | Abyss:1  | Noticed an eye of draining
   186 | Abyss:1  | Noticed an orange demon
   188 | Abyss:1  | Killed an eye of draining
   188 | Abyss:1  | Reached skill level 4 in Fighting
   188 | Abyss:1  | Reached XP level 2. HP: 28/28 MP: 0/3
   188 | Abyss:1  | Reached XP level 3. HP: 34/34 MP: 0/4
   188 | Abyss:1  | Reached XP level 4. HP: 41/41 MP: 0/5
   220 | Abyss:1  | Noticed an ancient zyme
   221 | Abyss:1  | Noticed a large abomination
   223 | Abyss:1  | Noticed an orange demon
   224 | D:1      | Escaped the Abyss
   439 | D:1      | Reached * piety under Lugonu
  1292 | D:2      | Reached XP level 5. HP: 40/47 MP: 5/7
  1678 | D:2      | Found a glowing silver altar of Zin.
  1679 | D:2      | Found a basalt altar of Yredelemnul.
  2023 | D:3      | Reached ** piety under Lugonu
  2730 | D:4      | Noticed an ogre
  2932 | D:4      | Found a snail-covered altar of Cheibriados.
  2933 | D:4      | Slain by an ogre

Skill      XL: |  1  2  3  4 |
---------------+-------------+-----
Fighting       | 4 |  4.6
Axes           | 2 |  2.9
Armour         | 2 |  2.1
Dodging        | |  0.7
Invocations    | |  2.8

Action                   |  1- 3 |  4- 6 || total
-------------------------+-------+-------++-------
Melee: Hand axe          |    13 |   160 ||   173
       Kick              |     5 |    18 ||    23
Invok: Depart the Abyss  |       |     1 ||     1
  Use: Potion            |     1 |       ||     1
       Scroll            |       |     8 ||     8
 Stab: Fleeing           |       |     1 ||     1
  Eat: Chunk             |       |     4 ||     4
Armor: Chain mail        |       |   126 ||   126
       Leather armour    |       |     4 ||     4
Dodge: Dodged            |       |    47 ||    47
